AoeStats
← Maty

Lombardia

510194417Analyzed
4v4 RM · 2d ago on Sep 29, 2026· 65m 14s· 8 players
Game mode
Random Map
Map size
Large (8 player)
Population
200
Speed
Normal
Resources
Standard
Victory
Conquest
Starting age
Dark Age
Ending age
Imperial Age
RankedLock teamsTeams togetherTeam positionsShared explorationLock speedFull tech treeHidden civsTurbo modeCheats
Victory
Defeat
🇺🇸 Persians · United States
1459
+17
🇺🇸 Hindustanis · United States
1446
+17
🇲🇽 Mapuche · Mexico
1418
+19
🇪🇨 Varangians · Ecuador
1412
+19
🇺🇸 Mongols · United States
1544
-20
🇩🇪 Saxons · Germany
1495
-19
🇫🇷 Magyars · France
1470
-18
🇩🇪 Vikings · Germany
1393
-15
:) YO30830
10:18 Feudal Age
10:52 Double-Bit Axe
11:10 Loom
14:57 Horse Collar
17:39 Castle Age
15:35 Gold Mining
17:12 Fletching
18:46 Bow Saw
21:42 Bodkin Arrow
26:54 Padded Archer Armor
28:47 Leather Archer Armor
28:34 Malon
29:04 Ballistics
39:34 Imperial Age
37:46 Wheelbarrow
42:24 Chemistry
40:53 Elite Bolas Rider
42:58 Elite Skirmisher
52:38 Hand Cart
52:09 Town Watch
55:26 Pikeman
61:03 Caravan
64:30 Ring Archer Armor
64:11 Butalmapu
64:26 Conscription
Chiripa605
7:06 Loom
9:31 Feudal Age
10:24 Double-Bit Axe
13:04 Horse Collar
20:34 Castle Age
19:57 Forging
21:29 Bow Saw
21:22 Heavy Plow
23:47 Wheelbarrow
24:27 Gold Mining
26:23 Hand Cart
26:50 Gold Shaft Mining
28:59 Fortified Wall
29:10 Ballistics
30:12 Town Watch
30:30 Stone Mining
31:45 Fletching
34:40 Imperial Age
34:39 Bodkin Arrow
35:32 Stone Shaft Mining
35:10 Scale Mail Armor
36:47 Chemistry
36:18 Padded Archer Armor
37:54 Conscription
38:03 Shatagni
39:53 Siege Engineers
41:40 Leather Archer Armor
42:55 Bloodlines
42:06 Light Cavalry
42:46 Husbandry
42:23 Heavy Camel Rider
43:13 Scale Barding Armor
44:18 Chain Barding Armor
44:16 Husbandry
46:54 Plate Barding Armor
48:18 Iron Casting
49:56 Two-Man Saw
49:41 Hussar
52:27 Blast Furnace
53:19 Imperial Camel Rider
59:36 Chain Mail Armor
62:38 Caravan
Men Call Me Gladiator
9:07 Feudal Age
9:56 Double-Bit Axe
10:43 Loom
11:22 Horse Collar
13:43 Forging
20:00 Castle Age
21:16 Iron Casting
21:29 Bow Saw
21:54 Heavy Plow
22:13 Gold Mining
25:32 Wheelbarrow
24:49 Town Watch
26:55 Husbandry
27:05 Scale Barding Armor
28:49 Stone Mining
31:08 Hand Cart
31:23 Bloodlines
31:34 Hand Cart
34:13 Imperial Age
32:20 Gold Shaft Mining
32:21 Stone Shaft Mining
32:51 Chain Barding Armor
34:18 Town Patrol
34:12 Fletching
35:58 Plate Barding Armor
36:23 Blast Furnace
35:15 Elite War Elephant
36:17 Conscription
38:40 Masonry
39:31 Chemistry
38:51 Ballistics
41:48 Hoardings
40:37 Light Cavalry
42:28 Architecture
41:55 Murder Holes
44:54 Caravan
47:20 Citadels
51:05 Coinage
50:04 Elite Skirmisher
51:39 Bodkin Arrow
51:44 Padded Archer Armor
Maty
6:31 Loom
8:55 Feudal Age
9:23 Double-Bit Axe
11:37 Forging
11:21 Horse Collar
15:09 Bloodlines
16:29 Scale Barding Armor
19:00 Wheelbarrow
21:39 Castle Age
20:38 Gold Mining
22:17 Town Watch
22:44 Bow Saw
25:31 Heavy Plow
28:32 Chain Barding Armor
28:15 Husbandry
29:58 Stone Mining
30:39 Hand Cart
33:54 Imperial Age
32:06 Iron Casting
33:42 Vendel Legacy
36:00 Plate Barding Armor
35:08 Cavalier
36:29 Stone Shaft Mining
36:55 Two-Man Saw
36:02 Caravan
36:54 Fletching
38:05 Blast Furnace
37:29 Conscription
38:19 Crop Rotation
37:30 Treadmill Crane
38:02 Masonry
38:16 Ballistics
38:48 Fletching
39:33 Architecture
40:04 Chemistry
39:24 Guilds
39:45 Coinage
46:49 Scale Mail Armor
46:50 Squires
46:37 Gambesons
46:13 Elite Varangian Guard
46:40 Arson
46:18 Light Cavalry
48:28 Chain Mail Armor
48:07 Elite Jarl
49:59 Plate Mail Armor
52:08 Pikeman
54:42 Hussar
56:18 Bodkin Arrow
57:03 Capped Ram
58:51 Siege Ram
bdstanley32
9:02 Feudal Age
10:25 Wheelbarrow
9:44 Double-Bit Axe
9:54 Horse Collar
10:36 Loom
20:14 Castle Age
19:28 Fletching
19:54 Bloodlines
21:16 Bow Saw
21:09 Heavy Plow
21:13 Gold Mining
21:24 Bodkin Arrow
22:55 Husbandry
25:01 Thumb Ring
26:57 Padded Archer Armor
30:41 Hand Cart
30:11 Town Watch
31:56 Ballistics
33:16 Stone Mining
34:02 Gold Shaft Mining
36:36 Imperial Age
34:41 Leather Archer Armor
36:06 Scale Barding Armor
36:13 Forging
36:59 Stone Shaft Mining
37:51 Bracer
38:57 Chemistry
38:40 Conscription
38:59 Chain Barding Armor
38:29 Light Cavalry
40:57 Iron Casting
39:45 Hussar
40:12 Elite Mangudai
40:56 Pikeman
41:37 Squires
41:39 Scale Mail Armor
44:47 Murder Holes
46:36 Chain Mail Armor
59:25 Elite Skirmisher
60:31 Parthian Tactics
63:26 Plate Mail Armor
Kempinho
10:47 Feudal Age
14:47 Castle Age
13:21 Double-Bit Axe
13:54 Horse Collar
20:21 Loom
23:23 Wheelbarrow
22:37 Town Watch
25:33 Bow Saw
25:37 Heavy Plow
25:53 Gold Mining
25:54 Stone Mining
31:02 Imperial Age
28:29 Fletching
29:30 Bodkin Arrow
29:54 Scale Mail Armor
30:04 Forging
30:58 Gold Shaft Mining
30:41 Squires
30:27 Arson
30:58 Guard Tower
32:04 Ballistics
32:20 Iron Casting
32:01 Chain Mail Armor
31:16 Capped Ram
31:55 Elite Varangian Guard
33:08 Bodkin Arrow
34:16 Chemistry
33:58 Keep
34:43 Plate Mail Armor
36:55 Shield Wall
37:13 Siege Ram
38:47 Caravan
42:14 Conscription
43:31 Bodkin Arrow
43:48 Masonry
43:44 Siege Engineers
44:43 Chemistry
51:21 Bracer
51:53 Architecture
Wizo
7:04 Loom
9:20 Feudal Age
10:10 Double-Bit Axe
12:28 Horse Collar
14:25 Wheelbarrow
19:36 Castle Age
18:21 Scale Barding Armor
19:10 Bloodlines
19:38 Light Cavalry
24:35 Bow Saw
27:17 Heavy Plow
29:12 Hand Cart
28:50 Gold Mining
34:02 Imperial Age
32:25 Gold Shaft Mining
31:41 Stone Mining
32:29 Chain Barding Armor
32:46 Ballistics
32:39 Town Watch
34:20 Cavalier
35:00 Husbandry
35:41 Plate Barding Armor
35:49 Paladin
36:31 Fletching
39:05 Chemistry
38:11 Siege Engineers
38:45 Conscription
38:29 Bodkin Arrow
39:18 Bracer
39:35 Masonry
45:16 Caravan
58:04 Corvinian Army
59:47 Light Cavalry
60:42 Hussar
Kiliethink
11:59 Feudal Age
16:42 Castle Age
15:03 Double-Bit Axe
15:41 Fletching
16:31 Gold Mining
16:52 Crossbowman
19:29 Bodkin Arrow
21:25 Bow Saw
26:46 Horse Collar
28:32 Heavy Plow
28:44 Padded Archer Armor
29:30 Ballistics
29:10 Stone Mining
34:25 Imperial Age
34:49 Leather Archer Armor
35:28 Bracer
34:52 Arbalester
36:06 Ring Archer Armor
35:37 Scale Mail Armor
35:49 Forging
35:53 Bogsveigar
36:14 Conscription
36:07 Loom
37:57 Chemistry
38:21 Caravan
44:19 Chieftains
43:49 Pikeman
44:37 Squires
53:41 Chain Mail Armor
56:27 Elite Skirmisher
56:58 Arson
57:56 Plate Mail Armor
59:42 Capped Ram
Connection lost

Rejoining the realm…

Still unreachable

The connection could not be restored.

Session expired

The server has moved on; the page needs a fresh start.